 Dungeon Crawl Stone Soup version 0.30-a0-722-g3e6e8c874d (webtiles) character file.

Game seed: 15580781193505333070

4933 bmack86 the Cleaver (level 10, -2/88 HPs)
             Began as a Minotaur Fighter on Jan 28, 2023.
             Was an Elder of Okawaru.
             Killed from afar by an electric eel (9 damage)
             ... with a bolt of electricity
             ... in a bailey.
             The game lasted 00:22:26 (7763 turns).

bmack86 the Cleaver (Minotaur Fighter)              Turns: 7763, Time: 00:22:26

Health: -2/88      AC: 22    Str: 25    XL:     10   Next: 27%
Magic:  12/12      EV:  7    Int:  5    God:    Okawaru [****..]
Gold:   439        SH:  5    Dex: 10    Spells: 9/9 levels left

rFire   . . .      SeeInvis .    a - +0 war axe
rCold   . . .      Faith    .    c - +0 buckler
rNeg    . . .      Spirit   .    k - +0 plate armour
rPois   .          Reflect  .    (helmet restricted)
rElec   .          Harm     .    u - +0 cloak
rCorr   .          Rampage  .    h - +2 pair of gloves
Will    .....                    (no boots) Stlth
                                 (no amulet)
HPRegen 0.34/turn                m - ring of flight
MPRegen 0.13/turn                E - +4 ring of protection

@: flying
A: horns 2, retaliatory headbutt
a: Renounce Religion, Heroism, Finesse


You were in a bailey.
You worshipped Okawaru.
Okawaru was greatly pleased with you.
You visited 2 branches of the dungeon, and saw 10 of its levels.
You also visited: Bailey.

You collected 439 gold pieces.

Inventory:

Hand Weapons
 a - a +0 war axe (weapon)
Missiles
 l - 5 boomerangs (quivered)
 q - 2 silver javelins
 t - 2 throwing nets
 A - 3 javelins
Armour
 c - a +0 buckler (worn)
 h - a +2 pair of gloves (worn)
 k - a +0 plate armour (worn)
 u - a +0 cloak (worn)
Jewellery
 m - a ring of flight (left hand)
 v - a ring of ice
 y - a ring of ice
 E - a +4 ring of protection (right hand)
Wands
 w - a wand of flame (11)
 z - a wand of mindburst (40)
 J - a wand of acid (13)
Scrolls
 g - a scroll of fear
 i - a scroll of amnesia
 j - 2 scrolls of teleportation
 n - a scroll of brand weapon
 s - a scroll of fog
Potions
 b - 2 potions of invisibility
 d - a potion of might
 e - 3 potions of heal wounds
 f - 2 potions of brilliance
 o - a potion of mutation
 p - a potion of berserk rage
 r - 6 potions of curing
 x - 2 potions of cancellation
 B - a potion of haste
 C - a potion of lignification
 D - 2 potions of magic
 F - 2 potions of attraction
 G - 2 potions of flight


   Skills:
 + Level 8.0 Fighting
 * Level 10.3 Axes
 + Level 5.4 Throwing
 + Level 8.0 Armour
 + Level 7.9 Shields
 + Level 4.8 Invocations


You had 9 spell levels left.
You didn't know any spells.
Your spell library contained the following spells:

 Spells                   Type           Power      Damage    Failure   Level
 Freeze                   Ice            0%         1d3       100%        1
 Kiss of Death            Conj/Necr      0%         2d5       100%        1
 Necrotise                Necr           0%         1d4       100%        1
 Ensorcelled Hibernation  Hex/Ice        0%         N/A       100%        2
 Lesser Beckoning         Tloc           0%         N/A       100%        2
 Passwall                 Tmut/Erth      0%         N/A       100%        2
 Confusing Touch          Hex            0%         N/A       100%        3
 Dazzling Flash           Conj/Hex       0%         N/A       100%        3
 Frozen Ramparts          Ice            0%         1d1       100%        3
 Gell's Gravitas          Tloc           0%         N/A       100%        3
 Hailstorm                Conj/Ice       0%         3d3       100%        3
 Swiftness                Air            0%         N/A       100%        3
 Teleport Other           Tloc           0%         N/A       100%        3
 Vampiric Draining        Necr           0%         2d6       100%        3
 Dispel Undead            Necr           0%         3d6       100%        4
 Agony                    Necr           0%         N/A       100%        5
 Silence                  Hex/Air        0%         N/A       100%        5


Dungeon Overview and Level Annotations

Branches:
Dungeon (9/15)             Temple (1/1) D:4          Bailey (1/1)
   Lair: D:8-11         Orc: D:9-12

Altars:
Ashenzari
Cheibriados
Dithmenos
Fedhas
Hepliaklqana
Kikubaaqudgha
Makhleb
Nemelex Xobeh
Okawaru
Qazlal
Ru
Sif Muna
Uskayaw
Vehumet
Wu Jian
Xom
Yredelemnul
Zin
The Shining One


Innate Abilities, Weirdness & Mutations

You have a pair of horns on your head.
You reflexively headbutt those who attack you in melee.


Message History

You miss the electric eel.
The electric eel is severely wounded.
The electric eel shoots out a bolt of lightning at you!
The bolt of electricity hits you.
The electric eel shoots out a bolt of lightning at you!
The bolt of electricity hits you!
You slash the electric eel!
You kill the electric eel!
Okawaru accepts your kill.
Your Armour skill increases to level 8!
You hit the electric eel.
The electric eel is moderately wounded.
The electric eel shoots out a bolt of lightning at you!
The bolt of electricity hits you.
You barely miss the electric eel. Your headbutt misses the electric eel.
The electric eel is moderately wounded.
The electric eel shoots out a bolt of lightning at you!
The bolt of electricity hits you.
* * * LOW HITPOINT WARNING * * *
You hit the electric eel.
The electric eel is moderately wounded.
You barely miss the electric eel. Your headbutt misses the electric eel.
The electric eel is moderately wounded.
The electric eel shoots out a bolt of lightning at you!
The bolt of electricity misses you.
You slash the electric eel! Your headbutt misses the electric eel.
The electric eel is almost dead.
The electric eel shoots out a bolt of lightning at you!
The bolt of electricity hits you!
* * * LOW HITPOINT WARNING * * *
You closely miss the electric eel.
The electric eel is almost dead.
The electric eel shoots out a bolt of lightning at you!
The bolt of electricity hits you!
* * * LOW HITPOINT WARNING * * *
You miss the electric eel.
The electric eel is almost dead.
The electric eel shoots out a bolt of lightning at you!
The bolt of electricity hits you!
You die...

#≈≈≈≈≈#
###############..#
#≈≈≈≈≈#
+.............+..
≈######~~~~~~~~~~~~~####
≈≈≈≈≈≈≈≈≈≈≈≈≈≈≈≈≈≈≈≈≈≈≈≈
≈≈≈≈≈≈≈≈≈≈≈≈≈≈≈≈≈≈≈≈≈≈≈≈
≈≈≈≈≈≈≈≈≈≈≈≈≈≈≈≈≈≈≈≈≈≈≈≈
≈≈≈≈≈≈≈≈≈≈≈≈≈≈≈≈≈≈≈≈≈≈≈≈
≈≈≈≈≈≈≈≈≈≈≈≈≈≈≈≈≈≈≈≈≈≈≈≈
≈≈≈≈≈≈≈@S≈≈≈≈≈≈≈≈≈≈≈≈≈≈≈
≈≈≈≈≈≈≈≈≈≈≈≈≈≈≈≈≈≈≈≈≈≈≈≈
≈≈≈≈≈≈≈≈≈≈≈≈≈≈≈≈≈≈≈≈≈≈≈≈
########################


You could see an electric eel.

Vanquished Creatures
  Pikel (D:4)
  An orc knight (Bailey)
  Maggie (D:8)
  Sigmund (D:3)
  A wyvern (D:7)
  A shadow (D:6)
  Eustachio (D:4)
  A wraith (D:9)
  A steam dragon (D:9)
  Edmund (D:5)
  2 water moccasins (D:7)
  An ice beast (D:7)
  3 orc warriors
  3 black bears
  2 sky beasts (D:7)
  4 centaurs
  A lemure (D:4)
  A kobold brigand (D:7)
  A necrophage (D:7)
  A bullfrog (D:7)
  3 scorpions
  A killer bee (D:9)
  6 electric eels (Bailey)
  A howler monkey (D:5)
  A gnoll bouda (D:7)
  3 hounds
  Crazy Yiuf (D:4)
  3 jellies
  5 iguanas
  Ijyb (D:4)
  Natasha (D:3)
  6 orc wizards
  4 gnolls
  7 adders
  2 white imps
  An ufetubus (D:4)
  2 dart slugs
  18 orcs
  2 endoplasms
  8 hobgoblins
  2 jackals (D:4)
  3 quokkas
  4 ball pythons
  7 bats
  2 frilled lizards (D:1)
  13 goblins
  12 kobolds
  5 rats
153 creatures vanquished.

Vanquished Creatures (others)
  5 plants
5 creatures vanquished.

Grand Total: 158 creatures vanquished

Notes
Turn   | Place    | Note
-------+----------+-------------------------------------------
     0 | D:1      | bmack86 the Minotaur Fighter began the quest for the Orb.
     0 | D:1      | Reached XP level 1. HP: 19/19 MP: 0/0
   233 | D:1      | Reached XP level 2. HP: 27/27 MP: 1/1
   381 | D:1      | Reached skill level 3 in Axes
  1010 | D:2      | Reached XP level 3. HP: 32/33 MP: 2/2
  1389 | D:2      | Found a sparkling altar of Nemelex Xobeh.
  1851 | D:3      | Noticed a scorpion
  1858 | D:3      | Killed a scorpion
  1859 | D:3      | Reached skill level 4 in Axes
  1859 | D:3      | Reached XP level 4. HP: 22/41 MP: 3/3
  2064 | D:3      | Reached skill level 1 in Throwing
  2103 | D:3      | Reached XP level 5. HP: 36/47 MP: 4/4
  2199 | D:3      | Found a radiant altar of Vehumet.
  2215 | D:3      | Noticed Sigmund
  2222 | D:3      | Killed Sigmund
  2223 | D:3      | Reached skill level 5 in Axes
  2223 | D:3      | Reached XP level 6. HP: 55/55 MP: 5/5
  2268 | D:3      | Reached skill level 5 in Fighting
  2499 | D:3      | Noticed Natasha
  2506 | D:3      | Killed Natasha
  2543 | D:3      | Found a sparkling altar of Nemelex Xobeh.
  2769 | D:4      | Identified the +6 dagger of Exoneration {protect, rPois
                  | Int-5 Dex+4 SInv}
  2770 | D:4      | Noticed Ijyb
  2778 | D:4      | Killed Ijyb
  2779 | D:4      | Reached skill level 5 in Shields
  2798 | D:4      | Found a staircase to the Ecumenical Temple.
  2810 | D:4      | Noticed Eustachio
  2820 | Temple   | Entered the Ecumenical Temple
  2827 | Temple   | Became a worshipper of Warmaster Okawaru
  2850 | D:4      | Killed Eustachio
  2851 | D:4      | Reached skill level 5 in Armour
  2851 | D:4      | Reached XP level 7. HP: 49/61 MP: 6/6
  2891 | D:4      | Reached skill level 6 in Axes
  2981 | D:4      | Reached skill level 1 in Invocations
  3061 | D:4      | Noticed Pikel
  3079 | D:4      | Killed Pikel
  3079 | D:4      | Reached * piety under Okawaru
  3080 | D:4      | Reached skill level 7 in Axes
  3080 | D:4      | Reached XP level 8. HP: 46/70 MP: 6/8
  3084 | D:4      | Found a hazy altar of Hepliaklqana.
  3388 | D:4      | Found a glowing golden altar of the Shining One.
  3535 | D:4      | Found a runed translucent door.
  3536 | D:4      | Noticed Crazy Yiuf
  3541 | D:4      | Killed Crazy Yiuf
  3600 | D:5      | Entered Level 5 of the Dungeon
  3746 | D:5      | Noticed a +0 dagger
  3747 | D:5      | Noticed a +0 hand axe
  3750 | D:5      | Found a hide-covered altar of Uskayaw.
  3822 | D:5      | Found a sacrificial altar of Ru.
  4090 | D:5      | Found a glowing silver altar of Zin.
  4211 | D:5      | Noticed Edmund
  4226 | D:5      | Killed Edmund
  4494 | D:6      | Found a shimmering altar of Xom.
  4640 | D:6      | Identified the +2 rapier of the Sun {holy, *Corrode rPois
                  | SInv}
  4811 | D:6      | Reached ** piety under Okawaru
  4913 | D:6      | Reached skill level 8 in Axes
  4944 | D:6      | Found a basalt altar of Yredelemnul.
  5084 | D:6      | Reached XP level 9. HP: 55/78 MP: 10/10
  5522 | D:7      | Found a snail-covered altar of Cheibriados.
  6025 | D:7      | Reached *** piety under Okawaru
  6043 | D:7      | Reached skill level 9 in Axes
  6458 | D:8      | Noticed Maggie
  6478 | D:8      | Killed Maggie
  6478 | D:8      | Received a gift from Okawaru
  6479 | D:8      | Reached skill level 5 in Throwing
  6749 | D:8      | Found a shadowy altar of Dithmenos.
  7247 | D:9      | Reached XP level 10. HP: 84/88 MP: 12/12
  7294 | D:9      | Found a flagged portal.
  7305 | Bailey   | Entered a bailey
  7330 | Bailey   | Reached **** piety under Okawaru
  7652 | Bailey   | Reached skill level 10 in Axes
  7661 | Bailey   | Noticed an orc knight
  7682 | Bailey   | Killed an orc knight
  7763 | Bailey   | Killed from afar by an electric eel

Illustrated notes

Levels and vault maps discovered:
D:1:      heliophobic_arrival_ceremonial_halls, layout_basic,
          chequers_serial_rivers_large_a, minmay_tetromino_i2
D:2:      layout_loops_corners, basic_altar, minivault_14, grunt_ministairs_2,
          hangedman_decor_opposing, serial_bayou_pond_e
D:3:      layout_basic, lemuel_doored_altar, nicolae_vehumet_altar_sigil,
          grunt_ministairs_14, cheibrodos_gnoll_hut, uniq_sigmund, uniq_natasha
D:4:      layout_basic, tso_oasis_becter, lemuel_crystal_altar, temple_pool_b,
          uniq_pikel, uniq_ijyb, uniq_eustachio, uniq_crazy_yiuf_cottage
D:5:      layout_basic, mainiacjoe_overflow_surrounded_room,
          mainiacjoe_overflow_catwalk, dancing_weapons_uskayaw, serial_glass,
          glass_columns_a, glass_columns_b, glass_columns_a, glass_columns_a,
          kennysheep_pointless_box, uniq_edmund
D:6:      layout_loops_ring, old_standard_altar, dk_xom_monty_hall,
          chequers_serial_rivers_room_a, corexii_shack, minmay_small_thing
D:7:      layout_cave_pods, cheibriados_altar_1
D:8:      layout_loops_ring, kennysheep_mini, uniq_maggie
D:9:      layout_long_grid, enter_bailey_2
Temple:   hellmonk_temple_micro_hex
Bailey:   bailey_axe_of_yendor_kennysheep, bailey

Skill      XL: |  1  2  3  4  5  6  7  8  9 10 |
---------------+-------------------------------+-----
Axes           | 3 4 5 7 8 9 10 | 10.3
Fighting       | 4 5 6 7 8 |  8.0
Armour         | 4 5 6 7 8 |  8.0
Shields        | 4 5 6 7 |  7.9
Throwing       | 1 2 3 4 5 |  5.4
Invocations    | 2 3 4 |  4.8

Action                     |  1- 3 |  4- 6 |  7- 9 | 10-12 || total
---------------------------+-------+-------+-------+-------++-------
  Melee: War axe           |    97 |    58 |   244 |    51 ||   450
         Headbutt          |     6 |    14 |    47 |     8 ||    75
 Invoke: Heroism           |       |       |     1 |     1 ||     2
    Use: Scroll            |     1 |     5 |    22 |       ||    28
         Potion            |       |       |     1 |       ||     1
 Armour: Scale mail        |    54 |    61 |    38 |       ||   153
         Plate armour      |       |       |   191 |    17 ||   208
  Dodge: Dodged            |    48 |    42 |   101 |    10 ||   201
  Block: Buckler           |    26 |    15 |    92 |     7 ||   140

Table legend: (Time is in decaauts)
 A = Elapsed time spent in this place.
 B = Non-inter-level travel time spent in this place.
 C = Inter-level travel time spent in this place.
 D = Time resting spent in this place.
 E = Time spent auto-exploring this place.
 F = Levels seen in this place.
 G = Mean time per level.
                   A        B        C        D        E       F      G
               +--------+--------+--------+--------+--------+-----+--------+
         Total |   7856 |   7645 |    211 |    505 |   5085 |  11 |  714.2 |
       Dungeon |   7384 |   7173 |    211 |    242 |   5085 |   9 |  820.4 |
        Temple |     16 |     16 |      0 |      0 |      0 |   1 |   16.0 |
        Bailey |    455 |    455 |      0 |    263 |      0 |   1 |  455.0 |
               +--------+--------+--------+--------+--------+-----+--------+

Top non-repeatable levels by time:
     D:7: 1007 daAuts
     D:1: 993 daAuts
     D:6: 992 daAuts
     D:4: 911 daAuts
     D:2: 899 daAuts
     D:3: 874 daAuts
     D:5: 806 daAuts
     D:8: 784 daAuts
  Bailey: 455 daAuts
     D:9: 113 daAuts
  Temple: 16 daAuts
